 Dungeon Crawl Stone Soup version 0.27.0-1-g7a089689b8 (console) character file.

Game seed: 4219924740638085547

5 jejorda2 the Sneak (level 1, -2/20 HPs)
             Began as a Deep Dwarf Delver on Aug 12, 2021.
             Slain by a kobold brigand (5 damage)
             ... in a sewer.
             The game lasted 00:01:46 (179 turns).

jejorda2 the Sneak (Deep Dwarf Delver)               Turns: 179, Time: 00:01:47

Health: -2/20      AC:  3    Str: 15    XL:     1   Next: 66%
Magic:  1/1        EV: 12    Int: 10    God:
Gold:   0          SH:  0    Dex: 14    Spells: 0/0 levels left

rFire    . . .     SeeInvis .   a - +0 mace
rCold    . . .     Faith    .   (no shield)
rNeg     . . .     Spirit   .   b - +0 leather armour
rPois    .         Reflect  .   (no helmet)
rElec    .         Harm     .   (no cloak)
rCorr    .         Rampage  .   (no gloves)
Will     .....                  (no boots)
Stlth    ++........             (no amulet)
HPRegen  0.00/turn              (no ring)
MPRegen  0.07/turn              (no ring)

@: very slow
A: damage resistance, heal wounds, sense surroundings 1, no regeneration
a: Heal Wounds


You were in a sewer.
You visited 1 branch of the dungeon, and saw 2 of its levels.
You also visited: Sewer.

Inventory:

Hand Weapons
 a - a +0 mace (weapon)
Armour
 b - a +0 leather armour (worn)
Wands
 g - a wand of digging (3)
Scrolls
 c - a scroll of fog
 e - a scroll of fear
Potions
 d - a potion of mutation {unknown}
 f - a potion of haste


   Skills:
 + Level 2.7 Fighting
 * Level 2.2 Maces & Flails
 + Level 0.4 Armour
 - Level 2.1 Dodging
 - Level 6.0 Stealth


You couldn't memorise any spells.
You didn't know any spells.
Your spell library was empty.

Dungeon Overview and Level Annotations

Branches:
Dungeon (5/15)              Sewer (1/1)
 Temple: D:4-7

Altars:


Innate Abilities, Weirdness & Mutations

You are resistant to damage.
You can heal yourself by infusing magical energy.
You passively map a small area around you.
You do not regenerate.


Message History

The kobold brigand splashes around in the water.
You hit the kobold brigand but do no damage.
The kobold brigand is heavily wounded.
The kobold brigand splashes around in the water.
Your unstable footing causes you to fumble your attack.
The kobold brigand hits you with a +0 whip.
The kobold brigand barely misses you.
You miss the kobold brigand.
The kobold brigand is heavily wounded.
The kobold brigand splashes around in the water.
You hit the kobold brigand.
The kobold brigand is heavily wounded.
The kobold brigand closely misses you.
You closely miss the kobold brigand.
The kobold brigand is heavily wounded.
The kobold brigand hits you with a +0 whip. x2
Your unstable footing causes you to fumble your attack.
The kobold brigand hits you with a +0 whip.
Your unstable footing causes you to fumble your attack.
The kobold brigand hits you with a +0 whip.
You hit the kobold brigand.
The kobold brigand is heavily wounded.
The kobold brigand splashes around in the water.
The kobold brigand hits you with a +0 whip.
Your unstable footing causes you to fumble your attack.
The kobold brigand splashes around in the water.
Your unstable footing causes you to fumble your attack.
The kobold brigand hits you with a +0 whip.
* * * LOW HITPOINT WARNING * * *
You barely miss the kobold brigand.
The kobold brigand is heavily wounded.
The kobold brigand hits you with a +0 whip.
* * * LOW HITPOINT WARNING * * *
Your unstable footing causes you to fumble your attack.
The kobold brigand splashes around in the water.
The kobold brigand completely misses you.
You completely miss the kobold brigand.
The kobold brigand is heavily wounded.
The kobold brigand hits you with a +0 whip.
You die...

#≈≈≈≈≈# ##≈≈≈## #.≈.#
#.≈.# #≈≈≈## ###* #≈..≈##
.≈≈≈≈##### #.≈≈≈≈####
#≈≈wK≈########≈.≈.≈≈.≈
*.w≈≈.###@≈≈≈...####.≈≈≈≈≈
### * #≈.≈.≈≈.≈# ##.≈≈≈. *
≈ *#≈≈...≈.≈####≈.≈≈. *
#≈≈≈≈≈####≈.≈.##≈≈≈.≈≈
≈≈≈##### ##≈≈..≈.....≈
##≈≈..≈..... #.≈≈..≈..∩.
#.≈.≈.≈.... #≈≈..≈...∩.


You could see a kobold brigand and a worm.

Vanquished Creatures
  3 ball pythons
  A giant cockroach (D:4)
  A rat (Sewer)
5 creatures vanquished.

Notes
Turn   | Place    | Note
-------+----------+-------------------------------------------
     0 | D:5      | jejorda2 the Deep Dwarf Delver began the quest for the Orb.
     0 | D:5      | Reached XP level 1. HP: 20/20 MP: 1/1
    38 | D:4      | Found a glowing drain.
    58 | Sewer    | Entered a sewer
   151 | Sewer    | Noticed a kobold brigand
   179 | Sewer    | Slain by a kobold brigand

Illustrated notes

Levels and vault maps discovered:
D:4:      layout_basic, cheibrodos_sewer_entry_drain
D:5:      minmay_chambers_of_fours, layout_gridville,
          nicolae_gozag_seed_capital, uniq_sigmund, uniq_crazy_yiuf_cottage
Sewer:    sewer_co_tree

Action                   || total
-------------------------++-------
Melee: Mace              ||    34
 Abil: Heal Wounds       ||     1
  Use: Scroll            ||     1
Armor: Leather armour    ||     3
Dodge: Dodged            ||    28
